 Dungeon Crawl Stone Soup version 0.31.0-11-ge490571c62 (webtiles) character file.

Game seed: 1769353149150105530

123486 ezpacito the Severer (level 16, -17/187 HPs)
             Began as a Demonspawn Berserker on Feb 1, 2024.
             Was a High Priest of Trog.
             Killed by the raging water
             ... invoked by a water nymph
              (43 damage)
             ... on level 3 of the Shoals.
             The game lasted 00:45:06 (18943 turns).

ezpacito the Severer (Demonspawn Berserker)        Turns: 18943, Time: 00:45:07

Health: -17/187    AC: 28    Str: 34    XL:     16   Next: 14%
Magic:  16/16      EV: 14    Int: 11    God:    Trog [*****.]
Gold:   593        SH:  0    Dex: 18    Spells: 15/15 levels left

rFire   + + +        u - +8 executioner's axe of the Median {flame, *Noise rPois rF++ rN+}
rCold   . . .        (shield currently unavailable)
rNeg    + . .        D - +5 chain mail of Fijiru {Fly rElec rPois Will-}
rPois   +            r - +2 helmet of the Kangaroo {rF+ rC- Str+6 Dex+2}
rElec   +            T - scarf {repulsion}
rCorr   .            C - +1 pair of gloves
SInv    .            G - +2 pair of boots {rampage}
Will    +....        w - amulet of Res Nullius {Faith rC+ Regen+ Int+3} Stlth
                     V - +6 ring of strength
HPRegen 4.31/turn    i - ring of willpower
MPRegen 0.15/turn

%: repel missiles, rampage, faith
@: berserking (expiring), flying, studying Fighting, very quick
A: molten scales 2, foul stench 1, powered by death 3, demonic touch 2
a: Renounce Religion, Berserk, Trog's Hand, Brothers in Arms


You were on level 3 of the Shoals.
You worshipped Trog.
Trog was extremely pleased with you.
You visited 3 branches of the dungeon, and saw 21 of its levels.
You also visited: Gauntlet.

You collected 1871 gold pieces.
You spent 1278 gold pieces at shops.

Inventory:

Hand Weapons
 u - the +8 executioner's axe of the Median (weapon) {flame, *Noise rPois rF++ rN+}
   (Trog gifted it to you on level 1 of the Lair of Beasts)

   rF++:      It greatly protects you from fire.
   rPois:     It protects you from poison rN+: It protects you from negative
   energy.
   *Noise:    It may make a loud noise when swung.
 v - a +7 broad axe of venom
 N - the +6 whip "Qyhit" {flame, rN+ Int-3 Dex+3}
   (You found it in a Gauntlet)

   Int-3:     It affects your intelligence (-3).
   Dex+3:     It affects your dexterity (+3).
   rN+:       It protects you from negative energy.
Missiles
 s - 214 stones (quivered)
 t - 12 silver javelins
 z - 53 poisoned darts
 F - 14 boomerangs
 H - 14 curare-tipped darts
 Y - 2 throwing nets
Armour
 r - the +2 helmet of the Kangaroo (worn) {rF+ rC- Str+6 Dex+2}
   (You found it in a Gauntlet)

   Str+6:     It affects your strength (+6).
   Dex+2:     It affects your dexterity (+2).
   rF+:       It protects you from fire.
   rC-:       It makes you vulnerable to cold.
 C - a +1 pair of gloves (worn)
 D - the +5 chain mail of Fijiru (worn) {Fly rElec rPois Will-}
   (You found it on level 2 of the Shoals)

   rElec:     It insulates you from electricity.
   rPois:     It protects you from poison Will-: It decreases your willpower.
   Fly:       It grants you flight.
 G - a +2 pair of boots of rampaging (worn)
 M - a scarf of harm
 O - a +8 plate armour of poison resistance
 T - a scarf of repulsion (worn)
Jewellery
 i - a ring of willpower (right hand)
 m - a +4 ring of slaying
 n - a ring of protection from fire
 q - an amulet of reflection
 w - the amulet of Res Nullius (around neck) {Faith rC+ Regen+ Int+3}
   (You found it in a Gauntlet)

   [amulet of faith]

   Faith:     It allows you to gain divine favour quickly.
   Int+3:     It affects your intelligence (+3).
   rC+:       It protects you from cold.
   Regen+:    It increases your rate of health regeneration.
 y - an amulet of the acrobat
 K - a ring of protection from cold
 V - a +6 ring of strength (left hand)
Talismans
 c - a maw talisman
 p - a blade talisman
 J - a flux talisman
 S - a blade talisman
 Z - the serpent talisman of Fortitude {Will+}
   (You took it off Aizul on level 1 of the Shoals)

   [serpent talisman]

   Will+:     It increases your willpower.
Wands
 a - a wand of digging (8)
 d - a wand of polymorph (4)
 e - a wand of charming (22)
 k - a wand of mindburst (8)
 x - a wand of iceblast (8)
 L - a wand of flame (23)
Scrolls
 f - 7 scrolls of immolation
 j - 7 scrolls of teleportation
 l - 5 scrolls of revelation
 o - 3 scrolls of identify
 A - a scroll of blinking
 E - a scroll of summoning
Potions
 b - 3 potions of mutation
 g - 11 potions of curing
 h - 4 potions of attraction
 I - 3 potions of resistance
 Q - 2 potions of haste
 R - a potion of heal wounds
 U - 2 potions of lignification
Miscellaneous
 B - a tin of tremorstones (2/2)
 W - a box of beasts


   Skills:
 * Level 11.2 Fighting
 * Level 15.6(15.8) Axes
 + Level 2.9(10.6) Maces & Flails
 * Level 7.3 Throwing
 * Level 9.6 Armour
 * Level 7.8 Dodging
 * Level 8.2 Stealth
 * Level 7.7 Unarmed Combat
 * Level 8.0 Evocations
 * Level 6.5 Shapeshifting


You had 15 spell levels left.
You didn't know any spells.
Your spell library contained the following spells:

 Spells                   Type           Power      Damage    Failure   Level
 Apportation              Tloc           0%         N/A       71%         1
 Necrotise                Necr           0%         1d4       71%         1
 Sting                    Conj/Alch      0%         1d3       71%         1
 Summon Small Mammal      Summ           0%         N/A       71%         1
 Call Imp                 Summ           0%         N/A       83%         2
 Static Discharge         Conj/Air       0%         3-3/arc   83%         2
 Hailstorm                Conj/Ice       0%         3d5       97%         3
 Summon Ice Beast         Ice/Summ       0%         N/A       97%         3
 Airstrike                Air            0%         2d(0-16)  100%        4
 Anguish                  Hex/Necr       0%         N/A       100%        4
 Animate Dead             Necr           0%         N/A       100%        4
 Cause Fear               Hex            0%         N/A       100%        4
 Summon Lightning Spire   Summ/Air       0%         N/A       100%        4
 Alistair's Intoxication  Alch           0%         N/A       100%        5
 Sculpt Simulacrum        Ice/Alch       0%         N/A       100%        6
 Enfeeble                 Hex            0%         N/A       100%        7
 Haunt                    Necr/Summ      0%         N/A       100%        7
 Infestation              Necr           0%         N/A       100%        8


Dungeon Overview and Level Annotations

Branches:
Dungeon (13/15)            Temple (0/1) D:5            Lair (5/5) D:9
 Shoals (3/4) Lair:3       Spider (0/4) Lair:3        Slime (0/5) Lair:4
    Orc (0/2) D:10         Vaults (0/5) D:13        Gauntlet (visited)

Altars:
Ashenzari
Hepliaklqana
Kikubaaqudgha
Makhleb
Okawaru
Qazlal
Ru
Wu Jian
Xom
Yredelemnul
Lugonu

Shops:
D:2 *   D:7 :

Portals:
Abyss: Lair:5

Annotations:
D:13 Lodul, Nessos, Urug
Shoals:3 Ilsuiw


Innate Abilities, Weirdness & Mutations

You are mostly covered in molten scales. (AC +3)
You may rarely emit foul miasma when damaged in melee.
You regenerate a lot of health from kills.
Your touch may inflict irresistible damage on your foes.


Message History

Ilsuiw hits you but does no damage.
You closely miss Ilsuiw.
Ilsuiw is moderately wounded.
You slice the merfolk impaler!! You burn the merfolk impaler!
You kill the merfolk impaler!
Trog accepts your kill.
You hear a splash. x2
The merfolk siren hits you from afar with a +0 trident.
The water nymph points at you and mumbles some strange words.
The water rises up and strikes you.
Ilsuiw hits you with a +0 trident of freezing!
Ilsuiw freezes you.
You emit a cloud of foul miasma!
You slash Ilsuiw! You burn Ilsuiw.
Ilsuiw is heavily wounded.
The merfolk siren hits you but does no damage.
You barely miss Ilsuiw.
Ilsuiw is heavily wounded.
Ilsuiw is engulfed in dark miasma.
Ilsuiw is poisoned.
Ilsuiw points at you and mumbles some strange words.
The shard of ice hits you!!
* * * LOW HITPOINT WARNING * * *
The merfolk siren hits you from afar with a +0 trident.
* * * LOW HITPOINT WARNING * * *
You are too berserk!
You are too berserk!
You are too berserk!
You barely miss Ilsuiw.
Ilsuiw is heavily wounded.
The water nymph points at you and mumbles some strange words.
The water rises up and strikes you!
* * * LOW HITPOINT WARNING * * *
Ilsuiw is engulfed in dark miasma.
Ilsuiw looks even sicker.
Ilsuiw closely misses you.
You barely miss Ilsuiw.
Ilsuiw is heavily wounded.
The merfolk siren hits you from afar with a +0 trident.
* * * LOW HITPOINT WARNING * * *
The water nymph points at you and mumbles some strange words.
The water rises up and strikes you!!!
You die...

$~~~~~~~<......~~~~
..[..~~~~~..##.~~~.$.#
####..~~~~.###~~~>.~.#
##.~~.~~~~~~~~~~~~.
###~~†~~~~~~≈~~~~~~~
P.P~P~P~~~~~≈≈~~~~~~~
~P.~PP~~~~~~~≈≈≈~~~~~~
PP~PPP~P~~~)~≈≈≈~~~~~~
PPPP~~PP~~~~~~@m~$!.~~
~~~~P~~~~~~~~).#m~~~~~
~~PP..~~~~~~~m## .~≈≈~
P~.#.~~~~~~~.# .~~~
~...P~~Pm.... ~~~
~P~~~~..~...~ ~~
~~~~~.~...~≈~ ~
~~~.##..~~~~ ~


You could see Ilsuiw (very poisoned), 2 merfolk sirens and a water nymph.

Vanquished Creatures
  Nikola (Shoals:2)
  Gastronok (Lair:1)
  Aizul (Shoals:1)
  The ghost of Odimp the Protected, a journeyman KoWn of Wu Jian (Lair:4)
  A minotaur (Gauntlet)
  4 merfolk impalers
  Josephine (Lair:4)
  7 hydras
  Erica (D:9)
  A merfolk aquamancer (Shoals:2)
  4 boulder beetles
  5 two-headed ogres
  A tengu warrior (D:12)
  3 thrashing horrors (Lair:5)
  8 death yaks
  A hell hog (Gauntlet)
  The ghost of hooplebogart the Protected, a novice MiBe of Trog (D:9)
  3 skysharks
  A sea snake (Shoals:2)
  3 large abominations
  An arcanist (Gauntlet)
  Pikel (D:4)
  12 harpies
  A lindwurm (Lair:1)
  8 fauns
  3 ugly things
  An oklob plant (Lair:3)
  A spectral boulder beetle (D:10)
  3 manticores
  4 merfolk sirens
  3 water nymphs (Shoals:1)
  3 cyclopes
  25 elephants
  3 black mambas
  2 gargoyles
  3 torpor snails
  2 smoke demons (Lair:5)
  2 centaur skeletons (D:10)
  17 cane toads
  A spectral unseen horror (D:10)
  2 rime drakes (Lair:5)
  2 unseen horror zombies (D:10)
  A kobold demonologist (D:12)
  15 komodo dragons
  An unseen horror skeleton (D:10)
  8 merfolk
  4 trolls
  A polar bear (Lair:1)
  A troll (shapeshifter) (Lair:5)
  2 wind drakes
  A raiju (Lair:5)
  35 blink frogs
  Grinder (D:3)
  10 dream sheep
  2 snapping turtles (Shoals:2)
  2 spectral black mambas (D:10)
  8 slime creatures (D:12)
  Sigmund (D:3)
  5 shadows
  7 wyverns
  51 yaks
  An unseen horror simulacrum (D:10)
  4 water elementals
  5 ynoxinuls (Lair:5)
  A vampire (D:10)
  A culicivora (Lair:3)
  A warg (D:10)
  Grum (D:8)
  A hog (shapeshifter) (Lair:5)
  13 wraiths
  2 fire bats (Gauntlet)
  7 basilisks
  2 vampire mosquitoes (D:10)
  A chaos spawn (Lair:5)
  3 hell hounds (Gauntlet)
  3 acid dragons
  14 small abominations
  6 water moccasins
  6 sky beasts
  3 orc warriors
  Pargi (D:3)
  Duvessa (D:7)
  2 boulder beetle simulacra (D:10)
  4 black bears
  A black mamba simulacrum (D:10)
  4 ogres
  9 centaurs
  A lemure (D:4)
  30 wolves
  3 phantoms
  11 weeping skulls (D:10)
  A wyvern zombie (D:5)
  7 kobold brigands
  15 bullfrogs
  5 scorpions
  A water moccasin zombie (D:5)
  A necrophage (D:5)
  7 wights
  Dowan (D:7)
  18 killer bees
  4 electric eels
  6 howler monkeys
  3 centaur zombies
  2 bullfrog zombies (D:5)
  9 jellies
  6 orc priests
  A bombardier beetle (D:4)
  10 hounds
  3 gnoll boudas
  A human zombie (D:5)
  13 iguanas
  7 orc wizards
  A sleepcap (D:6)
  A hell rat (D:10)
  3 centaur simulacra (D:10)
  A hound zombie (D:5)
  2 mummies (D:5)
  Robin (D:2)
  14 gnolls
  5 adders
  2 shadow imps
  3 white imps
  An ufetubus (D:6)
  3 ribbon worms
  4 dart slugs
  27 orcs
  8 ball pythons
  11 endoplasms
  2 giant cockroaches
  15 goblins
  15 hobgoblins
  8 quokkas
  7 bats
  21 frilled lizards
  39 kobolds
  6 rats
768 creatures vanquished.

Vanquished Creatures (others)
  4 harpies (Shoals:2)
  A killer bee (D:10)
  An iguana (D:12)
  An orc wizard (D:5)
7 creatures vanquished.

Grand Total: 775 creatures vanquished

Notes
Turn   | Place    | Note
-------+----------+-------------------------------------------
     0 | D:1      | ezpacito the Demonspawn Berserker began the quest for the
                  | Orb.
     0 | D:1      | Reached XP level 1. HP: 18/18 MP: 1/1
   227 | D:1      | Gained mutation: You regenerate a little health from kills.
                  | [demonic ancestry]
   227 | D:1      | Reached XP level 2. HP: 24/24 MP: 2/2
   254 | D:1      | Reached skill level 3 in Axes
   476 | D:1      | Reached ** piety under Trog
   553 | D:1      | Reached XP level 3. HP: 29/29 MP: 3/3
   916 | D:2      | Found Atoiq's General Store.
   946 | D:2      | Reached skill level 1 in Stealth
   946 | D:2      | Gained mutation: You are partially covered in molten
                  | scales. (AC +2) [demonic ancestry]
   946 | D:2      | Reached XP level 4. HP: 14/35 MP: 4/4
  1118 | D:2      | Reached skill level 1 in Unarmed Combat
  1223 | D:2      | Noticed Robin
  1234 | D:2      | Killed Robin
  1388 | D:2      | Reached *** piety under Trog
  1398 | D:2      | Reached XP level 5. HP: 41/41 MP: 5/5
  1468 | D:3      | Noticed Grinder
  1494 | D:3      | Killed Grinder
  1495 | D:3      | Reached skill level 4 in Axes
  1495 | D:3      | Gained mutation: Your touch may inflict minor irresistible
                  | damage on your foes. [demonic ancestry]
  1495 | D:3      | Reached XP level 6. HP: 48/48 MP: 6/6
  1569 | D:3      | Found a broken altar of Ashenzari.
  1579 | D:3      | Noticed Pargi
  1589 | D:3      | Killed Pargi
  1677 | D:3      | Found a faded altar of an unknown god.
  1723 | D:3      | Found an ornate altar of the Wu Jian Council.
  2108 | D:3      | Identified the staff of Wobaamui {rF+ Str+3 Fire}
  2123 | D:3      | Noticed Sigmund
  2127 | D:3      | Killed Sigmund
  2128 | D:3      | Reached skill level 5 in Axes
  2128 | D:3      | Gained mutation: You may rarely emit foul miasma when
                  | damaged in melee. [demonic ancestry]
  2128 | D:3      | Reached XP level 7. HP: 54/54 MP: 7/7
  2495 | D:2      | Bought a potion of curing for 36 gold pieces
  2495 | D:2      | Bought a potion of curing for 36 gold pieces
  2495 | D:2      | Bought 5 stones for 6 gold pieces
  2564 | D:4      | Noticed Pikel
  2576 | D:4      | Killed Pikel
  2577 | D:4      | Reached skill level 6 in Axes
  2577 | D:4      | Reached skill level 1 in Throwing
  2577 | D:4      | Reached skill level 1 in Evocations
  2577 | D:4      | Reached XP level 8. HP: 61/61 MP: 8/8
  2642 | D:4      | Reached skill level 1 in Shapeshifting
  3355 | D:5      | Entered Level 5 of the Dungeon
  3414 | D:5      | Found a shimmering altar of Xom.
  3435 | D:5      | Found a shimmering altar of Xom.
  3436 | D:5      | Found a shimmering altar of Xom.
  3436 | D:5      | Found a shimmering altar of Xom.
  3440 | D:5      | Found a shimmering altar of Xom.
  3471 | D:5      | Found a staircase to the Ecumenical Temple.
  3679 | D:5      | Reached skill level 7 in Axes
  3765 | D:5      | Gained mutation: You regenerate health from kills. [demonic
                  | ancestry]
  3765 | D:5      | Reached XP level 9. HP: 46/67 MP: 9/9
  3837 | D:5      | Reached **** piety under Trog
  3889 | D:5      | Found a basalt altar of Yredelemnul.
  4212 | D:5      | Reached skill level 5 in Fighting
  4859 | D:6      | Reached ***** piety under Trog
  4875 | D:6      | Reached skill level 8 in Axes
  4918 | D:6      | Reached skill level 5 in Armour
  5042 | D:6      | Found a hazy altar of Hepliaklqana.
  5051 | D:6      | Found a stormy altar of Qazlal.
  5645 | D:7      | Found Kutu Oll's Book Shoppe.
  5742 | D:7      | Gained mutation: You regenerate a lot of health from kills.
                  | [demonic ancestry]
  5742 | D:7      | Reached XP level 10. HP: 68/74 MP: 10/10
  5789 | D:7      | Noticed Duvessa
  5793 | D:7      | Noticed Dowan
  5799 | D:7      | Killed Duvessa
  5801 | D:7      | Killed Dowan
  5905 | D:7      | Noticed a gargoyle
  5916 | D:7      | Killed a gargoyle
  6487 | D:8      | Found a transporter.
  6489 | D:8      | Found a transporter.
  6489 | D:8      | Noticed a boulder beetle
  6554 | D:8      | Noticed Grum
  6557 | D:8      | Reached skill level 9 in Axes
  6562 | D:8      | Killed Grum
  6734 | D:8      | You fall into a shaft and drop 1 floor!
  6928 | D:9      | Noticed Erica
  6936 | D:9      | Killed Erica
  6936 | D:9      | Received a gift from Trog
  7010 | D:9      | Noticed a two-headed ogre
  7017 | D:9      | Killed a two-headed ogre
  7018 | D:9      | Reached XP level 11. HP: 77/83 MP: 11/11
  7143 | D:9      | Reached skill level 10 in Axes
  7143 | D:9      | Found a staircase to the Lair.
  7449 | D:9      | Found a runed translucent door.
  7450 | D:9      | Noticed hooplebogart's ghost (novice MiBe)
  7530 | D:9      | Killed hooplebogart's ghost
  7852 | D:8      | Found a burning altar of Makhleb.
  8133 | D:8      | Killed a boulder beetle
  8349 | D:10     | Entered Level 10 of the Dungeon
  8367 | D:10     | Found a staircase to the Orcish Mines.
  8418 | D:10     | Reached skill level 5 in Stealth
  8551 | D:10     | Reached skill level 5 in Dodging
  8566 | D:10     | Received a gift from Trog
  8579 | D:10     | Reached skill level 5 in Unarmed Combat
  8617 | D:10     | Noticed a two-headed ogre
  8627 | D:10     | Killed a two-headed ogre
  8628 | D:10     | Reached skill level 11 in Axes
  8628 | D:10     | Reached XP level 12. HP: 91/91 MP: 12/12
  8743 | D:10     | Noticed a two-headed ogre
  8813 | D:10     | Reached skill level 5 in Evocations
  8819 | D:10     | Killed a two-headed ogre
  8864 | D:10     | Found a sacrificial altar of Ru.
  9061 | D:10     | Found an ancient bone altar of Kikubaaqudgha.
  9527 | D:11     | Reached ****** piety under Trog
  9614 | D:11     | Found an iron altar of Okawaru.
  9865 | D:11     | Reached skill level 5 in Throwing
  9902 | D:11     | Noticed a boulder beetle
  9905 | D:11     | Killed a boulder beetle
  9906 | D:11     | Reached skill level 12 in Axes
 10002 | D:11     | Noticed a two-headed ogre
 10007 | D:11     | Killed a two-headed ogre
 10007 | D:11     | Received a gift from Trog
 10142 | D:11     | Noticed a two-headed ogre
 10151 | D:11     | Killed a two-headed ogre
 10812 | D:12     | Found a gate leading to a gauntlet.
 10820 | Gauntlet | Entered a Gauntlet
 10820 | Gauntlet | Found a transporter.
 10830 | Gauntlet | Found a transporter.
 10841 | Gauntlet | Found a transporter.
 10844 | Gauntlet | Found a transporter.
 10847 | Gauntlet | Noticed a great orb of eyes
 10848 | Gauntlet | Noticed a dire elephant
 10849 | Gauntlet | Found a runed translucent door.
 10849 | Gauntlet | Found a runed translucent door.
 10854 | Gauntlet | Found a transporter.
 10870 | Gauntlet | Found a transporter.
 10881 | Gauntlet | Found a transporter.
 10888 | Gauntlet | Noticed a hell hog
 10893 | Gauntlet | Found a transporter.
 10910 | Gauntlet | Found a transporter.
 10920 | Gauntlet | Found a transporter.
 10920 | Gauntlet | Found a transporter.
 10963 | Gauntlet | Found a transporter.
 10977 | Gauntlet | Found a transporter.
 10992 | Gauntlet | Found a transporter.
 11079 | Gauntlet | Gained mutation: Your touch may inflict irresistible damage
                  | on your foes. [demonic ancestry]
 11079 | Gauntlet | Reached XP level 13. HP: 98/98 MP: 13/13
 11202 | Gauntlet | Identified the +2 helmet of the Kangaroo {rF+ rC- Str+6
                  | Dex+2}
 11221 | Gauntlet | Identified the amulet of Res Nullius {Faith rC+ Regen+
                  | Int+3}
 11254 | Gauntlet | Noticed a minotaur
 11261 | Gauntlet | Killed a minotaur
 11271 | Gauntlet | Identified the staff of Fear {rC+ Ice Air}
 11271 | Gauntlet | Identified the +6 whip "Qyhit" {flame, rN+ Int-3 Dex+3}
 11618 | D:12     | Got Buschyec's Compilation of Concoctions and Attendants
 11902 | D:12     | Reached skill level 1 in Maces & Flails
 12404 | D:13     | Noticed Lodul
 12404 | D:13     | Noticed Nessos
 12404 | D:13     | Noticed Urug
 12404 | D:13     | Found a gate to the Vaults.
 12516 | Lair:1   | Entered Level 1 of the Lair of Beasts
 12538 | Lair:1   | Reached skill level 5 in Shapeshifting
 12659 | Lair:1   | Identified the +8 executioner's axe of the Median {flame,
                  | *Noise rPois rF++ rN+} (Trog gifted it to you on level 1 of
                  | the Lair of Beasts)
 12659 | Lair:1   | Received a gift from Trog
 12806 | Lair:1   | Noticed Gastronok
 12814 | Lair:1   | Killed Gastronok
 12852 | Lair:1   | Reached XP level 14. HP: 108/108 MP: 14/14
 13186 | Lair:2   | Reached skill level 13 in Axes
 13381 | Lair:2   | Received a gift from Trog
 13854 | Lair:2   | Identified a scroll of acquirement
 13855 | Lair:2   | Acquired 575 gold pieces
 13866 | Lair:3   | Found a staircase to the Shoals.
 14524 | Lair:3   | Reached skill level 14 in Axes
 14582 | Lair:3   | Found a hole to the Spider Nest.
 14711 | Lair:4   | Found a large runed translucent door.
 14711 | Lair:4   | Found a large runed translucent door.
 14713 | Lair:4   | Noticed Odimp's ghost (journeyman KoWn)
 14731 | Lair:4   | Killed Odimp's ghost
 14898 | Lair:4   | Noticed Josephine
 14908 | Lair:4   | Killed Josephine
 15258 | Lair:4   | Received a gift from Trog
 15269 | Lair:4   | Found a staircase to the Slime Pits.
 15472 | Lair:5   | Entered Level 5 of the Lair of Beasts
 15487 | Lair:5   | Gained mutation: You are mostly covered in molten scales.
                  | (AC +3) [demonic ancestry]
 15487 | Lair:5   | Reached XP level 15. HP: 115/115 MP: 15/15
 15492 | Lair:5   | Reached skill level 10 in Fighting
 15691 | Lair:5   | Got an earthy gem with 483 turns to spare
 15758 | Lair:5   | Found a corrupted altar of Lugonu.
 15758 | Lair:5   | Found a one-way gate to the infinite horrors of the Abyss.
 15785 | Lair:5   | Identified the staff of Symmetry {rF+ Will++ Fire}
 16102 | Lair:5   | Received a gift from Trog
 16103 | Lair:5   | Reached skill level 15 in Axes
 16605 | Shoals:1 | Entered Level 1 of the Shoals
 16796 | D:7      | Bought a manual of Fighting for 1200 gold pieces
 16910 | Shoals:1 | Identified the serpent talisman of Fortitude {Will+}
 16910 | Shoals:1 | Noticed Aizul
 16918 | Shoals:1 | Killed Aizul
 17557 | Shoals:2 | Noticed Nikola
 17573 | Shoals:2 | Killed Nikola
 17656 | Shoals:2 | Received a gift from Trog
 17706 | Shoals:2 | Reached XP level 16. HP: 125/125 MP: 16/16
 17989 | Shoals:2 | Identified the +5 chain mail of Fijiru {Fly rElec rPois
                  | Will-}
 18933 | Shoals:3 | Noticed Ilsuiw
 18943 | Shoals:3 | Killed from afar by a water nymph

Illustrated notes

Levels and vault maps discovered:
D:1:      psy_arrival_wood_between_worlds, layout_basic
D:2:      layout_rooms, serial_shops, nicolae_shop_waterfront,
          chequers_serial_rivers_marsh, uniq_robin
D:3:      layout_loops_ring, mainiacjoe_overflow_tiny_flanked,
          mainiacjoe_overflow_small_starburst, nicolae_ecumenical_oubliette,
          uniq_sigmund, uniq_pargi, uniq_grinder
D:4:      layout_gridville, uniq_pikel
D:5:      layout_basic, lemuel_mausoleum_altar_yredelemnul, xom_redecorated,
          minmay_temple_entry_antechambers
D:6:      cheibrodos_thug_alley, layout_basic, mainiacjoe_overflow_big_doors,
          serial_corexii_hall, corexii_hall_statues_i, corexii_hall_statues_x,
          minmay_starry_boxes
D:7:      minmay_the_grid_plus [minmay_the_grid_aliased_spiral,
          minmay_the_grid_stretched_grid, minmay_the_grid_minigrid_small_alt,
          minmay_the_grid_pillar_ring, minmay_the_grid_prize_trominoes],
          layout_basic, serial_shops, shop, uniq_duvessa
D:8:      gammafunk_boulding_lane, layout_basic, lemuel_doored_altar, uniq_grum
D:9:      layout_cave_pools, erik_lair_island, gammafunk_ghost_grave,
          minivault_27, uniq_erica
D:10:     lemuel_vampire_tower, layout_basic, mainiacjoe_overflow_brackets
D:11:     layout_grid_maze, okawaru_altar_gauntlet_db
D:12:     lemuel_reptile_caves, layout_stronghold, gauntlet_entry_generic,
          grunt_decor_resistance, nicolae_houndstooth_variations
D:13:     layout_roguey, david_vaults_3
Lair:1:   layout_misc_corridors, hangedman_lair_generics_rect,
          grunt_megastairs_4, uniq_gastronok
Lair:2:   layout_chaotic_city, lemuel_fruit_fields, grunt_megastairs_3
Lair:3:   layout_misc_corridors, nicolae_shoals_entry_roost,
          hellmonk_spider_entry_life_and_decay
Lair:4:   layout_small_grid, nicolae_slime_entry_slimehenge,
          ebering_ghost_disaster_area, uniq_josephine
Lair:5:   hellmonk_lair_end_abyssal_woods, layout_gridlike
Shoals:1: layout_shoals, uniq_aizul
Shoals:2: layout_shoals, nicolae_shoals_gull_way, uniq_nikola
Shoals:3: layout_shoals, nicolae_island_escapes, uniq_ilsuiw

Skill      XL: |  1  2  3  4  5  6  7  8  9 10 11 12 13 14 15 16 |
---------------+-------------------------------------------------+-----
Axes           | 3 4 5 6 7 8 9 11 12 14 15 | 15.6
Armour         | 2 3 4 5 6 7 8 9 |  9.6
Dodging        | 2 3 4 5 6 7 |  7.8
Stealth        | 1 2 3 4 5 6 7 8 |  8.2
Unarmed Combat | 1 2 3 4 5 6 7 |  7.7
Fighting       | 4 5 6 7 8 9 11 | 11.2
Throwing       | 1 2 3 4 5 6 7 |  7.3
Evocations     | 1 3 4 5 6 7 8 |  8.0
Shapeshifting  | 1 2 3 4 5 6 |  6.5
Maces & Flails | 2 |  2.9

Action                     |  1- 3 |  4- 6 |  7- 9 | 10-12 | 13-15 | 16-18 || total
---------------------------+-------+-------+-------+-------+-------+-------++-------
  Melee: Hand axe          |    92 |    89 |   265 |    59 |       |       ||   505
         Touch             |       |     5 |    72 |    61 |    48 |       ||   186
         Punch             |       |     1 |     6 |    11 |    11 |       ||    29
         Broad axe         |       |       |       |   339 |    37 |       ||   376
         Whip              |       |       |       |       |   170 |       ||   170
         Executioner's axe |       |       |       |       |   542 |    45 ||   587
 Invoke: Berserk           |     1 |     5 |     3 |     9 |     9 |     2 ||    29
  Evoke: Wand              |       |       |       |     1 |    13 |       ||    14
    Use: Scroll            |       |     8 |     4 |    15 |    10 |     2 ||    39
         Potion            |       |       |       |     8 |     3 |       ||    11
   Stab: Sleeping          |       |       |     7 |       |       |       ||     7
         Invisible         |       |       |       |     2 |     2 |       ||     4
 Armour: Leather armour    |    35 |       |       |       |       |       ||    35
         Animal skin       |     3 |       |       |       |       |       ||     3
         Chain mail        |    19 |    84 |    22 |       |       |    62 ||   187
         Ring mail         |       |       |   116 |    45 |       |       ||   161
         Plate armour      |       |       |       |   530 |   975 |    12 ||  1517
  Dodge: Dodged            |    61 |    32 |   130 |   215 |   560 |    47 ||  1045
         Repelled          |       |       |       |       |     4 |       ||     4
  Block: Other             |       |       |       |       |     2 |       ||     2
